 Dungeon Crawl Stone Soup version 0.23.2-11-gf996548 (webtiles) character file.

Game seed: 9415191020613446160

82 Fang the Skirmisher (level 4, -3/29 HPs)
             Began as a Gargoyle Berserker on June 4, 2019.
             Was a Follower of Trog.
             Slain by Sigmund
             ... wielding a +0 scythe
              (8 damage)
             ... on level 3 of the Dungeon.
             The game lasted 00:01:59 (1607 turns).

Fang the Skirmisher (Gargoyle Berserker)            Turns: 1607, Time: 00:02:00

Health: -3/29      AC:  5    Str: 21    XL:     4   Next: 43%
Magic:  4/4        EV: 12    Int:  8    God:    Trog [*.....]
Gold:   102        SH:  0    Dex:  9    Spells: 3/3 levels left

rFire    . . .     SeeInvis .   a - +0 hand axe
rCold    . . .     Gourm    .   (no shield)
rNeg     + . .     Faith    .   b - +0 animal skin
rPois    ∞         Spirit   .   (no helmet)
rElec    +         Reflect  .   (no cloak)
rCorr    .         Harm     .   (no gloves)
MR       +....                  (no boots)
Stlth    +.........             (no amulet)
HPRegen  0.09/turn              e - ring of protection from magic
MPRegen  0.09/turn              (no ring)

@: berserk cooldown, slowed, very slow
A: negative energy resistance 1, electricity resistance, unbreathing,
petrification resistance, rot immunity, AC +3
a: Berserk, Renounce Religion


You were on level 3 of the Dungeon.
You worshipped Trog.
Trog was aware of your devotion.
You were very hungry.

You visited 1 branch of the dungeon, and saw 3 of its levels.

You collected 102 gold pieces.

Inventory:

Hand Weapons
 a - a +0 hand axe (weapon)
Armour
 b - a +0 animal skin (worn)
Jewellery
 e - a ring of protection from magic (left hand)
 o - an uncursed amulet of the gourmand {unknown}
Wands
 m - a wand of flame (16)
Scrolls
 d - 2 scrolls of teleportation {unknown}
 f - a scroll of random uselessness {unknown}
 j - a scroll of immolation {unknown}
 k - 3 scrolls of identify {unknown}
 n - a scroll of enchant weapon {unknown}
Potions
 g - a potion of degeneration {unknown}
 i - a potion of mutation {unknown}
 l - a potion of curing {unknown}
 p - 2 potions of flight {unknown}
 q - a potion of heal wounds {unknown}
Comestibles
 c - 3 rations
 h - 2 chunks of flesh


   Skills:
 + Level 4.0 Fighting
 + Level 3.2 Axes
 + Level 3.0 Armour
 + Level 2.3 Dodging


You had 3 spell levels left.
You didn't know any spells.
Your spell library was empty.

Dungeon Overview and Level Annotations

Branches:
Dungeon (2/15)

Altars:

Annotations:
D:3 Sigmund


Innate Abilities, Weirdness & Mutations

You are resistant to torment.
Your stone body is resilient. (AC +3)
You are immune to poison.
You resist negative energy. (rN+)
You are resistant to electric shocks. (rElec)
You can survive without breathing.
You are immune to petrification.
You are immune to rotting.


Message History

Something hits you!
You closely miss something. You hit something. Something hits you.
You barely miss something. You miss something. You closely miss something.
Something hits you.
You miss something. You completely miss something. Something hits you.
You slash something! You miss something. Something hits you!
You miss something. You closely miss something.
You are no longer berserk.
You are exhausted.
You feel yourself slow down. Something hits you!
* * * LOW HITPOINT WARNING * * *
You miss something. Something completely misses you.
You closely miss something. Something hits you but does no damage.
You closely miss something. Something hits you!
You die...

#.####.#.......#
###.# #.#.#####.#
#...# #.#.# #.#
#.######.#.# #.#
#..........#####.#
########.#.......#
#.#..######
#.##.######.#
..#....@{...#
####.######.# #.#
###


There were no monsters in sight!

Vanquished Creatures
  Terence (D:2)
  An adder (D:3)
  A worm (D:2)
  A leopard gecko (D:1)
  A ball python (D:2)
  3 giant cockroaches (D:3)
  4 goblins
  4 hobgoblins
  3 jackals (D:2)
  9 kobolds
  A quokka (D:3)
  4 bats
  3 frilled lizards
  5 rats
41 creatures vanquished.

Notes
Turn   | Place    | Note
-------+----------+-------------------------------------------
     0 | D:1      | Fang the Gargoyle Berserker began the quest for the Orb.
     0 | D:1      | Reached XP level 1. HP: 14/14 MP: 1/1
   332 | D:1      | Reached XP level 2. HP: 16/19 MP: 2/2
   876 | D:2      | Reached XP level 3. HP: 23/23 MP: 3/3
  1119 | D:2      | Noticed Terence
  1135 | D:2      | Killed Terence
  1135 | D:2      | Reached XP level 4. HP: 16/29 MP: 4/4
  1172 | D:2      | You fall through a shaft!
  1391 | D:3      | Reached skill level 4 in Fighting
  1542 | D:3      | Found a faded altar of an unknown god.
  1589 | D:3      | Noticed Sigmund
  1607 | D:3      | Slain by Sigmund

Skill      XL: |  1  2  3  4 |
---------------+-------------+-----
Axes           | 3 |  3.2
Dodging        | 2 |  2.3
Armour         | 3 |  3.0
Fighting       | 4 |  4.0

Action                   |  1- 3 |  4- 6 || total
-------------------------+-------+-------++-------
Melee: Hand axe          |   101 |    61 ||   162
Invok: Berserk           |       |     1 ||     1
 Stab: Sleeping          |     3 |       ||     3
  Eat: Chunk             |     1 |     1 ||     2
Armor: Animal skin       |    39 |    16 ||    55
Dodge: Dodged            |    62 |    35 ||    97
